 Dungeon Crawl Stone Soup version 0.31.0-12-g77e489cdc1 (webtiles) character file.

Game seed: 15074373668335119444

139048 LoboWins the Hoplite (level 16, 0/149 HPs)
             Began as a Minotaur Berserker on Feb 25, 2024.
             Was the Champion of Trog.
             Killed from afar by a thorn hunter (36 damage)
             ... with a volley of thorns
             ... on level 4 of the Swamp.
             The game lasted 02:43:18 (28691 turns).

LoboWins the Hoplite (Minotaur Berserker)          Turns: 28691, Time: 02:43:21

Health: 0/149      AC: 32    Str: 32    XL:     16   Next: 72%
Magic:  15/15      EV: 10    Int:  4    God:    Trog [******]
Gold:   587        SH: 29    Dex: 14    Spells: 15/15 levels left

rFire   . . .        v - +1 war axe (flame)
rCold   . . .        X - +2 tower shield
rNeg    . . .        u - +2 storm dragon scales
rPois   .            j - +2 hat
rElec   +            C - +0 cloak {rCorr}
rCorr   +            A - +2 pair of gloves
SInv    .            f - +2 pair of boots {Stlth+}
Will    +....        P - amulet of reflection Stlth
                     T - +6 ring of strength
HPRegen 0.44/turn    b - ring of flight
MPRegen 0.14/turn

%: reflection
@: flying
A: horns 2, retaliatory headbutt
a: Renounce Religion, Berserk, Trog's Hand, Brothers in Arms


You were on level 4 of the Swamp.
You worshipped Trog.
Trog was exalted by your worship.
You visited 4 branches of the dungeon, and saw 25 of its levels.

You collected 3559 gold pieces.
You spent 2972 gold pieces at shops.

Inventory:

Hand Weapons
 a - the +11 dagger "Aphacs" {heavy, rC+}
   (Trog gifted it to you on level 5 of the Lair of Beasts)

   rC+:       It protects you from cold.
 o - a +6 antimagic broad axe
 v - a +1 war axe of flaming (weapon)
 z - the +8 sling of Bobluest {freeze, rC+ rN+ Will+ Stlth+}
   (You found it on level 3 of the Swamp)

   rC+:       It protects you from cold.
   rN+:       It protects you from negative energy.
   Will+:     It increases your willpower.
   Stlth+:    It makes you more stealthy.
 J - the +8 falchion of Goopykhirog {spect, Dex+5}
   (You found it on level 9 of the Dungeon)

   Dex+5:     It affects your dexterity (+5).
 Q - a +6 war axe of electrocution
Armour
 c - the +4 chain mail of Purpose {*Corrode Regen+ Int+7 Dex-3}
   (You found it on level 13 of the Dungeon)

   Int+7:     It affects your intelligence (+7).
   Dex-3:     It affects your dexterity (-3).
   Regen+:    It increases your rate of health regeneration.
   *Corrode:  It may corrode you when you take damage.
 f - a +2 pair of boots of stealth (worn)
 j - a +2 hat (worn)
 u - +2 storm dragon scales (worn)
 y - the +3 chain mail of Cloud Cover {Rampage Int+3 Dex-4}
   (You found it on level 2 of the Swamp)

   Int+3:     It affects your intelligence (+3).
   Dex-4:     It affects your dexterity (-4).
   Rampage:   It bestows one free step when moving towards enemies.
 A - a +2 pair of gloves (worn)
 C - a +0 cloak of preservation (worn)
 X - a +2 tower shield (worn)
 Z - a +1 plate armour of poison resistance
Jewellery
 b - a ring of flight (right hand)
 h - an amulet of guardian spirit
 k - a +4 ring of protection
 l - a +5 ring of evasion
 s - a ring of protection from cold
 P - an amulet of reflection (around neck)
 T - a +6 ring of strength (left hand)
Wands
 w - a wand of paralysis (33)
 E - a wand of light (31)
 L - a wand of flame (47)
 S - a wand of roots (8)
 U - a wand of mindburst (10)
 W - a wand of digging (12)
 Y - a wand of polymorph (23)
Scrolls
 d - 2 scrolls of teleportation
 e - a scroll of poison
 g - 2 scrolls of enchant weapon
 p - 7 scrolls of identify
 r - 4 scrolls of immolation
 x - 5 scrolls of fog
 B - a scroll of vulnerability
 K - a scroll of brand weapon
Potions
 i - 6 potions of haste
 q - 5 potions of attraction
 t - 2 potions of resistance
 D - 5 potions of ambrosia
 F - 5 potions of enlightenment
 I - 3 potions of curing
 N - 2 potions of invisibility
 O - 6 potions of might
Miscellaneous
 H - a phial of floods
 M - a phantom mirror


   Skills:
 + Level 15.5 Fighting
 + Level 15.4 Long Blades
 - Level 3.6 Axes
 - Level 20.0 Armour
 - Level 2.1 Dodging
 + Level 21.4 Shields


You had 15 spell levels left.
You didn't know any spells.
Your spell library was empty.

Dungeon Overview and Level Annotations

Branches:
Dungeon (14/15)            Temple (0/1) D:7            Lair (5/5) D:11
  Swamp (4/4) Lair:2        Snake (0/4) Lair:3        Slime (0/5) Lair:5
    Orc (2/2) D:12            Elf (0/3) Orc:2        Vaults (0/5) D:14

Altars:
Fedhas
Kikubaaqudgha
Nemelex Xobeh
Vehumet
Jiyva

Shops:
D:1 (   D:2 [!!!(   D:10 *   Orc:2 !:*[=(

Portals:
Trove: D:13 (give +4 demon trident)

Annotations:
D:5 1 runed translucent door, Crazy Yiuf
D:9 3 runed translucent doors, TheSexyCheese's ghost, novice DsFE
Lair:5 1 runed translucent door


Innate Abilities, Weirdness & Mutations

You have a pair of horns on your head.
You reflexively headbutt those who attack you in melee.


Message History

You recover from your berserk rage.
You feel the effects of Trog's Hand fading.
You block the swamp drake's attack. x2
You closely miss the swamp drake.
The swamp drake is moderately wounded.
The swamp drake roars!
The swamp drake breathes poison at you. x2
The noxious blast misses you.
You are engulfed in noxious fumes.
The swamp drake bites you.
* * * LOW HITPOINT WARNING * * *
The thorn hunter gestures.
Thorny briars emerge from the ground!
A four-headed hydra comes into view.
Your skin stops crawling.
You feel less strong-willed.
The four-headed hydra roars!
You hear a roar!
The swamp drake breathes poison at you.
The swamp drake attacks as it pursues you!
You block the swamp drake's attack.
The thorn hunter fires a volley of thorns at you.
The volley of thorns hits you!
* * * LOW HITPOINT WARNING * * *
As you read the scroll of fear, it crumbles to dust.
You assume a fearsome visage.
The swamp drake looks frightened!
The six-headed hydra looks frightened!
The thorn hunter is unaffected.
The swamp drake looks frightened!
The spriggan druid looks frightened!
The four-headed hydra looks frightened!
The thorn hunter fires a volley of thorns at you.
You block the volley of thorns... and reflect it back!
The volley of thorns hits the thorn hunter!!
Cornered, the spriggan druid turns to fight!
As you read the scroll of summoning, it crumbles to dust.
Wisps of shadow whirl around you... You block the thorn hunter's attack. x2
Your alligator tail-slaps the thorn hunter but does no damage.
Your alligator barely misses the thorn hunter.
Your goliath frog hits the thorn hunter from afar!
The thorn hunter is splashed with acid.
The acid corrodes the thorn hunter!
The thorn hunter fires a volley of thorns at you.
The volley of thorns hits you!!!
You die...

~.~......~~~♣♣~~...♣♣ ♣♣
♣.~~~~~..~~~....~..~♣♣♣♣♣♣♣♣
♣.♣♣.~~~~~.♣~§~~§~~.~...♣♣....♣♣
.~.^~~~~~~~.~~~~~~~♣♣~~~...~~~.♣
~~~~~~~§~~..~~~~~~~♣~..~~.~~~~.♣♣
~~~~~~~.~~~.÷~~~..l..♣♣♣...~~~.).
~~.~~...~~~~<)..§~~~..♣♣.§~~~~~..
§~~♣♣...~~~~♣♣.§~flD~~.♣~~~~~~~~~
~~~♣~....~~~...~@~w~~~~~k~~~~~~~~
♣~♣♣♣..~~~~..~~§F.~~~~~..~.♣♣~...
~♣♣♣~..♣♣~♣♣.~♣~.~.~~~~~~~~†....[
♣♣♣.~~.♣.♣♣§~♣♣♣♣♣.§~~~~~~~...~♣.
♣♣.~~~~~.).♣♣♣ ♣~..~§†~~~~~~♣♣♣♣♣
♣♣..~.♣§~~.♣


♣PPPPPPPPPP.~..♣ ♣.~~♣##♣♣~~)♣ ♣PPPiPPPPPP..~~.~~ ♣~~♣# ♣♣..♣ ♣♣..♣..♣♣.~.~~....
~.♣# ~~ ♣♣~♣♣♣♣♣♣~.~.~♣~. You could see a thorn hunter (corroded, ally target),
a spriggan druid, a friendly four-headed hydra (summoned), 2 friendly
alligators, a friendly tyrant leech (summoned) and a friendly goliath frog
(summoned).

Vanquished Creatures
  2 fenstrider witches
  3 ghouls (Swamp:3)
  An orc warlord (Orc:2)
  Nessos (Lair:4)
  3 eleionomae
  3 bunyips
  A shambling mangrove (Swamp:4)
  A fire dragon (D:14)
  4 vault guards (D:14)
  Erolcha (Orc:1)
  A rakshasa (D:14)
  Fannar (Orc:1)
  3 ghost crabs
  18 hydras
  7 centaur warriors (D:14)
  A death knight (D:14)
  The ghost of spaghetti the Fighter, a journeyman TeCK of Xom (D:11)
  17 death yaks
  10 alligators
  3 two-headed ogres
  4 boulder beetles
  3 orc high priests (Orc:2)
  Urug (Lair:1)
  5 spriggans
  2 skeletal warriors (D:14)
  2 skysharks (Lair:5)
  Sonja (Orc:1)
  8 goliath frogs
  5 swamp dragons
  A death drake (Swamp:3)
  A spriggan druid (Swamp:4)
  10 bog bodies
  A glowing orange brain (D:9)
  A phantasmal warrior (D:14)
  Pikel (D:7)
  4 orc knights
  3 necromancers (Orc:1)
  6 orc sorcerers
  A deep elf pyromancer (D:14)
  4 ugly things (D:14)
  5 manticores
  6 cyclopes
  8 black mambas
  A salamander (Lair:3)
  9 elephants
  An unseen horror (D:12)
  A gargoyle (D:9)
  22 cane toads
  An efreet (D:13)
  Jeremiah (D:7)
  5 rime drakes
  5 kobold demonologists
  5 komodo dragons
  A freezing wraith (D:14)
  A tengu conjurer (D:14)
  A komodo dragon (shapeshifter) (D:13)
  2 guardian mummies (D:13)
  3 red devils (Orc:1)
  4 polar bears
  5 trolls
  A bloated husk (Swamp:2)
  6 hornets
  14 blink frogs (Lair:5)
  5 tyrant leeches
  3 slime creatures (D:13)
  A centaur simulacrum (D:14)
  A vampire (D:11)
  2 wraiths
  5 basilisks
  5 shadows
  3 wyverns
  Eustachio (D:6)
  46 yaks
  8 humans (D:14)
  12 vampire mosquitoes
  A steam dragon (D:7)
  3 nagas (Lair:3)
  A two-headed ogre zombie (D:12)
  4 acid dragons
  14 swamp worms
  12 water moccasins
  An ice beast (D:7)
  8 swamp drakes
  25 orc warriors
  A sky beast (D:6)
  2 black bears
  4 laughing skulls (D:13)
  7 ogres
  A phantom (D:12)
  15 wolves
  14 centaurs
  19 kobold brigands
  2 lemures (D:7)
  A kobold zombie (Orc:1)
  A necrophage (Swamp:2)
  18 bullfrogs
  3 scorpions
  2 troll zombies (D:12)
  12 killer bees
  5 howler monkeys
  4 electric eels
  A lava snake (D:9)
  2 hounds
  29 orc priests
  2 bombardier beetles (D:5)
  A cyclops simulacrum (Orc:1)
  Terence (D:3)
  30 orc wizards
  7 iguanas
  6 ogre zombies
  An ogre skeleton (Orc:1)
  4 adders
  A shadow imp (D:7)
  A white imp (D:7)
  3 ribbon worms
  3 dart slugs
  88 orcs
  3 orc simulacra (Orc:1)
  6 bats
  6 endoplasms
  4 giant cockroaches
  2 gnoll zombies (D:12)
  7 goblins
  8 hobgoblins
  A quokka (D:1)
  12 ball pythons
  A frilled lizard (D:1)
  5 gnoll skeletons (D:12)
  39 kobolds
  2 orc skeletons
  22 orc zombies
  3 rats
827 creatures vanquished.

Vanquished Creatures (others)
  A deep elf pyromancer (D:14)
  2 bloated husks
  2 slime creatures (D:10)
  An orc wizard (Orc:2)
  17 spectral weapons
23 creatures vanquished.

Grand Total: 850 creatures vanquished

Notes
Turn   | Place    | Note
-------+----------+-------------------------------------------
     0 | D:1      | LoboWins the Minotaur Berserker began the quest for the
                  | Orb.
     0 | D:1      | Reached XP level 1. HP: 19/19 MP: 0/0
    99 | D:1      | Reached XP level 2. HP: 25/27 MP: 1/1
   233 | D:1      | Reached ** piety under Trog
   274 | D:1      | Found Ijuhick's Weapon Boutique.
   376 | D:1      | Reached XP level 3. HP: 26/35 MP: 2/2
   613 | D:2      | Found Naeruvocs's Distillery.
   614 | D:2      | Found a transporter.
   618 | D:2      | Bought a potion of curing for 33 gold pieces
   619 | D:2      | Found Kaomatzome's Distillery.
   698 | D:2      | Reached skill level 5 in Fighting
   770 | D:2      | Found Heuste's Distillery.
  1048 | D:2      | Found Acufro's Weapon Shoppe.
  1091 | D:2      | Found Leove's Antique Armour Boutique.
  1219 | D:2      | Found a transporter.
  1449 | D:3      | Noticed Terence
  1458 | D:3      | Killed Terence
  1459 | D:3      | Reached XP level 4. HP: 42/42 MP: 3/3
  2430 | D:4      | Reached *** piety under Trog
  2588 | D:4      | Reached XP level 5. HP: 32/50 MP: 4/4
  2764 | D:4      | Found a sparkling altar of Nemelex Xobeh.
  2837 | D:4      | Reached skill level 5 in Armour
  3076 | D:2      | Bought a runed cloak for 142 gold pieces
  3225 | D:4      | Reached XP level 6. HP: 46/58 MP: 5/5
  3538 | D:5      | Entered Level 5 of the Dungeon
  3614 | D:5      | Reached XP level 7. HP: 22/66 MP: 6/6
  3850 | D:5      | Reached **** piety under Trog
  4105 | D:5      | Found a runed translucent door.
  4106 | D:5      | Noticed Crazy Yiuf
  4518 | D:6      | Reached XP level 8. HP: 75/75 MP: 7/7
  4528 | D:6      | Noticed Eustachio
  4542 | D:6      | Killed Eustachio
  5297 | D:7      | Noticed Pikel
  5307 | D:7      | Killed Pikel
  5308 | D:7      | Reached skill level 10 in Fighting
  5308 | D:7      | Reached skill level 10 in Armour
  5383 | D:7      | Reached XP level 9. HP: 86/86 MP: 8/8
  5548 | D:7      | Found a staircase to the Ecumenical Temple.
  5589 | D:7      | Noticed Jeremiah
  5718 | D:7      | Killed Jeremiah
  7284 | D:9      | Identified the +8 falchion of Goopykhirog {spect, Dex+5}
  7317 | D:9      | Noticed a kobold demonologist
  7320 | D:9      | Reached skill level 1 in Long Blades
  7321 | D:9      | Reached XP level 10. HP: 68/97 MP: 9/9
  7623 | D:9      | Reached ***** piety under Trog
  7627 | D:9      | Found a runed translucent gate.
  7627 | D:9      | Found a runed translucent gate.
  7628 | D:9      | Found a runed translucent gate.
  7629 | D:9      | Noticed a nine-headed hydra
  7629 | D:9      | Noticed TheSexyCheese's ghost (novice DsFE)
  7630 | D:9      | Noticed a nine-headed hydra
  8175 | D:9      | Noticed a gargoyle
  8180 | D:9      | Killed a gargoyle
  8186 | D:9      | Found a radiant altar of Vehumet.
  8208 | D:9      | Noticed a glowing orange brain
  8329 | D:9      | Killed a glowing orange brain
  8330 | D:9      | Reached skill level 5 in Long Blades
  8388 | D:9      | Received a gift from Trog
  8514 | D:10     | Entered Level 10 of the Dungeon
  8799 | D:10     | Found Nuru's General Store.
  8926 | D:10     | Noticed a two-headed ogre
  8931 | D:10     | Killed a two-headed ogre
  8984 | D:10     | Noticed a centaur warrior
  8984 | D:10     | Noticed a tengu warrior
  8984 | D:10     | Noticed a black mamba
  8984 | D:10     | a black mamba changed into a fire crab
  8984 | D:10     | Noticed a fire crab (shapeshifter)
  8984 | D:10     | Noticed a centaur warrior
  9098 | D:10     | Noticed a cyclops
  9098 | D:10     | Noticed a cyclops
  9108 | D:10     | Noticed an orc knight
  9108 | D:10     | Noticed a manticore
  9317 | D:10     | Reached XP level 11. HP: 106/106 MP: 10/10
  9888 | D:11     | Reached skill level 1 in Shields
 10676 | D:11     | Noticed spaghetti's ghost (journeyman TeCK)
 10679 | D:11     | Found a runed translucent door.
 10697 | D:11     | Killed spaghetti's ghost
 10698 | D:11     | Reached skill level 2 in Shields
 10939 | D:11     | Found a staircase to the Lair.
 11016 | D:11     | Identified 2 scrolls of acquirement
 11016 | D:11     | Acquired 542 gold pieces
 11017 | D:11     | Acquired 748 gold pieces
 11162 | D:2      | Bought shiny storm dragon scales for 1577 gold pieces
 11448 | Lair:1   | Entered Level 1 of the Lair of Beasts
 11581 | Lair:1   | Reached skill level 10 in Long Blades
 11583 | Lair:1   | Reached skill level 3 in Shields
 11670 | Lair:1   | Reached skill level 4 in Shields
 11789 | Lair:1   | Noticed a boulder beetle
 11804 | Lair:1   | Killed a boulder beetle
 11805 | Lair:1   | Reached skill level 5 in Shields
 12063 | Lair:1   | Reached skill level 6 in Shields
 12100 | Lair:1   | Noticed Urug
 12109 | Lair:1   | Killed Urug
 12427 | Lair:1   | Reached skill level 7 in Shields
 12560 | Lair:2   | Reached XP level 12. HP: 114/116 MP: 11/11
 12599 | Lair:2   | Reached skill level 15 in Armour
 12599 | Lair:2   | Reached skill level 8 in Shields
 12641 | Lair:2   | Reached skill level 9 in Shields
 13134 | Lair:2   | Identified the maw talisman of Demaniwes {*Corrode Int+6}
 13141 | Lair:2   | Noticed a six-headed hydra
 13149 | Lair:2   | Killed a one-headed hydra
 13354 | Lair:2   | Found a staircase to the Swamp.
 13364 | Lair:2   | Reached skill level 10 in Shields
 13769 | Lair:2   | Found an ancient bone altar of Kikubaaqudgha.
 13937 | Lair:3   | Reached skill level 11 in Shields
 14279 | Lair:3   | Found a staircase to the Snake Pit.
 14292 | Lair:3   | Reached skill level 12 in Shields
 14830 | Lair:4   | Noticed a death yak
 14831 | Lair:4   | Noticed a death yak
 14832 | Lair:4   | Noticed a death yak
 14832 | Lair:4   | Noticed a death yak
 14834 | Lair:4   | Noticed a death yak
 14835 | Lair:4   | Noticed a death yak
 14838 | Lair:4   | Killed a death yak
 14844 | Lair:4   | Killed a death yak
 14848 | Lair:4   | Killed a death yak
 14849 | Lair:4   | Reached skill level 13 in Shields
 14851 | Lair:4   | Killed a death yak
 15044 | Lair:4   | Reached XP level 13. HP: 125/125 MP: 12/12
 15235 | Lair:4   | Reached skill level 14 in Shields
 15707 | Lair:4   | Reached skill level 15 in Fighting
 15735 | Lair:4   | Reached skill level 15 in Shields
 16150 | Lair:4   | Noticed Nessos
 16157 | Lair:4   | Killed Nessos
 16312 | Lair:5   | Entered Level 5 of the Lair of Beasts
 16493 | Lair:5   | Reached skill level 16 in Shields
 16797 | Lair:5   | Identified the +11 dagger "Aphacs" {heavy, rC+} (Trog
                  | gifted it to you on level 5 of the Lair of Beasts)
 16797 | Lair:5   | Received a gift from Trog
 16933 | Lair:5   | Reached XP level 14. HP: 111/135 MP: 13/13
 17112 | Lair:5   | Reached skill level 17 in Shields
 17734 | Lair:5   | Received a gift from Trog
 17838 | Lair:5   | Found a runed translucent door.
 17838 | Lair:5   | Found a viscous altar of Jiyva.
 17839 | Lair:5   | Noticed an azure jelly
 17839 | Lair:5   | Found a staircase to the Slime Pits.
 17839 | Lair:5   | Noticed an azure jelly
 17839 | Lair:5   | Noticed an azure jelly
 18199 | D:12     | Reached skill level 18 in Shields
 18236 | D:12     | Found a staircase to the Orcish Mines.
 18424 | D:12     | You fall into a shaft and drop 2 floors!
 18426 | D:14     | Found a gate to the Vaults.
 18898 | D:14     | Reached skill level 19 in Shields
 19507 | D:14     | Reached XP level 15. HP: 129/141 MP: 14/14
 19758 | D:14     | Reached ****** piety under Trog
 20018 | D:14     | Reached skill level 20 in Shields
 20158 | D:14     | Found an ancient bone altar of Kikubaaqudgha.
 20273 | D:14     | Received a gift from Trog
 21046 | D:13     | Identified the +4 chain mail of Purpose {*Corrode Regen+
                  | Int+7 Dex-3}
 21243 | D:13     | Found a portal to a secret trove of treasure.
 21329 | D:13     | Found a blossoming altar of Fedhas.
 21739 | Orc:1    | Entered Level 1 of the Orcish Mines
 22125 | Orc:1    | Noticed Sonja
 22129 | Orc:1    | Noticed Fannar
 22134 | Orc:1    | Killed Sonja
 22134 | Orc:1    | Received a gift from Trog
 22147 | Orc:1    | Killed Fannar
 22340 | Orc:1    | Reached skill level 15 in Long Blades
 22809 | Orc:1    | Noticed Erolcha
 22816 | Orc:1    | Killed Erolcha
 23024 | Orc:2    | Entered Level 2 of the Orcish Mines
 23024 | Orc:2    | Found Jaggitim's Distillery.
 23211 | Orc:2    | Found Tedghu's Book Boutique.
 23213 | Orc:2    | Found a staircase to the Elven Halls.
 23799 | Orc:2    | Received a gift from Trog
 24291 | Orc:2    | Found Dishrunie's Antique Armour Boutique.
 24292 | Orc:2    | Found Fute Vah's Antique Weapon Shop.
 24294 | Orc:2    | Found Ditez's General Store.
 24294 | Orc:2    | Found Hauggoro's Jewellery Boutique.
 24313 | Orc:2    | Bought a pair of runed boots for 202 gold pieces
 24328 | Orc:2    | Bought a runed hat for 189 gold pieces
 24338 | Orc:2    | Bought a scroll of enchant weapon for 127 gold pieces
 24450 | Orc:2    | Bought a shiny plate armour for 702 gold pieces
 24671 | Swamp:1  | Entered Level 1 of the Swamp
 24723 | Swamp:1  | Noticed a fenstrider witch
 24738 | Swamp:1  | Killed a fenstrider witch
 25777 | Swamp:2  | Reached XP level 16. HP: 142/149 MP: 15/15
 26051 | Swamp:2  | Received a gift from Trog
 26409 | Swamp:2  | Identified the +3 chain mail of Cloud Cover {Rampage Int+3
                  | Dex-4}
 26845 | Swamp:3  | Identified the +8 sling of Bobluest {freeze, rC+ rN+ Will+
                  | Stlth+}
 27814 | Swamp:4  | Entered Level 4 of the Swamp
 27822 | Swamp:4  | Paralysed by a fenstrider witch for 4 turns
 28124 | Swamp:4  | Reached skill level 21 in Shields
 28510 | Swamp:4  | Noticed a thorn hunter
 28526 | Swamp:4  | HP: 4/149 [spriggan druid/angry trees (10)]
 28691 | Swamp:4  | Killed from afar by a thorn hunter

Illustrated notes

Levels and vault maps discovered:
D:1:      dpeg_arrival_radiant, layout_rooms, serial_shops, shop
D:2:      layout_loops_cross, serial_shops, shop, nicolae_lakefront_shop, shop,
          nicolae_shop_drivethru, shop, minmay_shallow_snake_nest
D:3:      layout_basic, uniq_terence
D:4:      cheibrodos_thug_alley, layout_loops_ring, lemuel_round_altar,
          minmay_crystal_water, minmay_strange_pillars,
          minmay_fractal_squares_diagonal_5
D:5:      layout_cave_pools, uniq_crazy_yiuf_cottage
D:6:      layout_basic, lemuel_flamethrower_2, uniq_eustachio
D:7:      layout_loops_ring, minmay_temple_entry_water_ring, uniq_jeremiah,
          uniq_pikel
D:8:      hellmonk_ruined_rings, layout_basic
D:9:      layout_roguey [special_room_kobold], nicolae_vehumet_radiance,
          gammafunk_ghost_hydra_chop, serial_glass, glass_columns_b,
          glass_columns_c, glass_columns_b, glass_columns_a, feat_on_display,
          feat_on_display, item_on_display_a, feat_on_display,
          kennysheep_island_fort
D:10:     layout_long_grid, serial_shops, shop, minivault_12
D:11:     layout_stronghold, david_lair_shrubbed, hellmonk_ghost_happy_afterlife
D:12:     layout_cave_pools, zombieorc2_lemuel
D:13:     layout_cross, nicolae_trove_entry_path_of_doom,
          fedhas_altar_fruit_tree
D:14:     nzn_winding_woodlands_cross
          [nzn_winding_woodlands_5x15_river_crossing,
          nzn_winding_woodlands_5x15_garden,
          nzn_winding_woodlands_5x15_pathside_ponds,
          nzn_winding_woodlands_5x15_eye,
          nzn_winding_woodlands_15x15_five_gardens], layout_loops_corners,
          ximxim_vaults_locker_room, hangedman_decor_clover_reticule,
          nicolae_kikubaaqudgha_miasma_corner
Lair:1:   layout_cellular_growth, beast_lair_carwin_11, lemuel_fruit_fields,
          lemuel_fruit_tree, uniq_urug
Lair:2:   layout_chaotic_city, skrybe_swamp_entry_bodies, lemuel_centaur_altar,
          grunt_megastairs_3
Lair:3:   layout_loops_ring, alex1729_snake_entry_snake
Lair:4:   layout_loops_ring, pdpol_lair_cavern_descent, uniq_nessos
Lair:5:   minmay_lair_end_frog_pond, layout_hall_layers, slime_entry_2
Swamp:1:  layout_basic_swamp, nicolae_swamp_orc_logging_accident, swamp_pool_5
Swamp:2:  layout_basic_swamp, hangedman_swamp_ruin_hall, st_shrine_of_shade,
          infiniplex_staircase_pool_2
Swamp:3:  layout_basic_swamp, nicolae_swamp_stuck_in_the_mud
Swamp:4:  swamp, layout_basic_swamp
Orc:1:    dreamdust_under_siege, layout_caves,
          einodemon_armed_red_devil_minivault, uniq_sonja, uniq_erolcha,
          uniq_fannar
Orc:2:    st_orc_congregation, layout_diamond_mine, serial_shops, shop, shop

Skill      XL: |  1  2  3  4  5  6  7  8  9 10 11 12 13 14 15 16 |
---------------+-------------------------------------------------+-----
Fighting       | 4 5 6 7 8 10 12 13 14 15 | 15.5
Armour         | 3 4 5 6 8 10 12 13 14 15 16 19 20 | 20.0
Long Blades    | 1 8 10 11 13 15 | 15.4
Shields        | 7 13 16 19 20 21 | 21.4
Axes           | |  3.6
Dodging        | |  2.1

Action                     |  1- 3 |  4- 6 |  7- 9 | 10-12 | 13-15 | 16-18 || total
---------------------------+-------+-------+-------+-------+-------+-------++-------
  Melee: Hand axe          |    93 |    13 |       |       |       |       ||   106
         Headbutt          |     9 |    14 |    44 |   109 |   310 |   124 ||   610
         War axe           |       |    74 |   229 |     6 |   211 |    59 ||   579
         Punch             |       |     2 |     3 |     1 |       |       ||     6
         Falchion          |       |       |    14 |   446 |   969 |   267 ||  1696
   Fire: Sling             |       |       |       |       |       |     5 ||     5
 Invoke: Berserk           |     1 |     1 |     4 |    11 |    10 |     2 ||    29
         Trog's Hand       |       |       |       |       |     3 |     1 ||     4
  Evoke: Wand              |       |       |       |     1 |     4 |     9 ||    14
    Use: Scroll            |     1 |     5 |     3 |    14 |    18 |     9 ||    50
         Potion            |       |     1 |       |       |     1 |     4 ||     6
   Stab: Distracted        |       |       |       |     8 |    20 |     9 ||    37
         Invisible         |       |       |       |       |     1 |       ||     1
 Armour: Animal skin       |     6 |       |       |       |       |       ||     6
         Chain mail        |    66 |    42 |       |       |       |       ||   108
         Plate armour      |       |    45 |   317 |   180 |       |       ||   542
         Storm dragon scal |       |       |       |   195 |   547 |   320 ||  1062
  Dodge: Dodged            |    43 |    41 |   121 |   160 |   177 |   102 ||   644
  Block: Tower shield      |       |       |       |   307 |  1481 |   554 ||  2342
         Reflection        |       |       |       |     1 |    70 |     7 ||    78
